 Dungeon Crawl Stone Soup version 0.25.1-9-gc5326a611f (webtiles) character file.

Game seed: 14015649747928267985

2618 Clowwww the Cleaver (level 9, -11/67 HPs)
             Began as a Demonspawn Fighter on Jan 4, 2021.
             Was a Believer of Okawaru.
             Killed by divine providence
             ... invoked by an orc priest
             ... summoned by an orc
              (15 damage)
             ... on level 7 of the Dungeon.
             The game lasted 00:14:57 (7517 turns).

Clowwww the Cleaver (Demonspawn Fighter)            Turns: 7517, Time: 00:14:59

Health: -11/67     AC: 14    Str: 19    XL:     9   Next: 34%
Magic:  9/9        EV:  8    Int: 11    God:    Okawaru [**....]
Gold:   347        SH: 10    Dex: 12    Spells: 8/8 levels left

rFire    . . .     SeeInvis .   a - +1 war axe
rCold    . . .     Gourm    .   c - +0 kite shield
rNeg     + . .     Faith    .   b - +1 scale mail
rPois    .         Spirit   .   t - +0 helmet
rElec    .         Reflect  .   g - +0 cloak
rCorr    .         Harm     .   e - +0 pair of gloves
MR       +....                  (no boots)
Stlth    ..........             o - amulet of magic regeneration
HPRegen  0.21/turn              v - ring of protection from magic
MPRegen  0.36/turn              h - ring of positive energy

@: mighty
A: hooves 2, slimy green scales 2, rot immunity
a: Heroism, Renounce Religion


You were on level 7 of the Dungeon.
You worshipped Okawaru.
Okawaru was pleased with you.
You were hungry.

You visited 2 branches of the dungeon, and saw 8 of its levels.

You collected 347 gold pieces.

Inventory:

Hand Weapons
 a - a +1 war axe (weapon)
 q - a +7 vorpal dire flail
Missiles
 r - 22 boomerangs (quivered)
Armour
 b - a +1 scale mail (worn)
 c - a +0 kite shield (worn)
 e - a +0 pair of gloves (worn)
 g - a +0 cloak (worn)
 t - a +0 helmet (worn)
Jewellery
 h - a ring of positive energy (right hand)
 o - an amulet of magic regeneration (around neck)
 s - a +6 ring of intelligence
 v - a ring of protection from magic (left hand)
 w - an uncursed ring of flight
 B - an uncursed ring of see invisible {unknown}
Wands
 A - a wand of clouds (1)
 C - a wand of polymorph (10)
Scrolls
 j - 2 scrolls of teleportation
 m - 3 scrolls of remove curse
 x - a scroll of magic mapping
 y - a scroll of identify
Potions
 d - 2 potions of might
 i - a potion of cancellation
 k - a potion of flight
 l - a potion of mutation
 n - 3 potions of curing
 p - a potion of berserk rage {unknown}
 z - a potion of haste {unknown}
Comestibles
 f - 10 rations


   Skills:
 + Level 4.9 Fighting
 * Level 9.0 Axes
 + Level 1.8 Throwing
 + Level 4.7 Armour
 + Level 1.9 Dodging
 + Level 1.5 Stealth
 + Level 5.0 Shields


You had 8 spell levels left.
You didn't know any spells.
Your spell library contained the following spells:

 Spells                   Type           Power        Failure   Level  Hunger
 Corona                   Hex            #......      98%         1    ##.....
 Slow                     Hex            #.......     99%         2    ###....
 Inner Flame              Hex/Fire       #.......     100%        3    ####...
 Portal Projectile        Hex/Tloc       #.....       100%        3    ####...
 Cause Fear               Hex            #.........   100%        4    #####..
 Leda's Liquefaction      Hex/Erth       #.........   100%        4    #####..


Dungeon Overview and Level Annotations

Branches:
Dungeon (7/15)             Temple (1/1) D:5

Altars:
Ashenzari
Cheibriados
Dithmenos
Elyvilon
Fedhas
Gozag
Nemelex Xobeh
Okawaru
Qazlal
Ru
Sif Muna
Trog
Uskayaw
Vehumet
Wu Jian
Xom
Yredelemnul
The Shining One

Shops:
D:4 %


Innate Abilities, Weirdness & Mutations

You have hoof-like feet.
You are mostly covered in slimy green scales. (AC +3)
You are immune to rotting.


Message History

You block the orc warrior's attack.
You slice the orc warrior!!
You kill the orc warrior!
Okawaru accepts your kill.
Your Axes skill increases to level 9!
You closely miss the orc. You slice the orc!!
You kill the orc!
Okawaru accepts your kill.
The orc priest mumbles some strange prayers to Beogh against you.
Beogh smites you!
* * * LOW HITPOINT WARNING * * *
You hit the orc. Your kick misses the orc.
The orc is moderately wounded.
The orc priest calls down the wrath of Beogh upon you.
Beogh smites you!
* * * LOW HITPOINT WARNING * * *
The orc priest mumbles some strange prayers to Beogh against you.
Beogh smites you!
You die...

## #.# #.# ##.######## #.#
######.........#
#.#########
......(........#
#.#.......#
######.........#
#.#.......#
#######.####.####
#.#.......# ......#.#
#..(.####†#.).....#
#####...#
####...##.#.......#
##..######..@o.))).......#
#..##.....##o##.#.......#
##.....######Ho#.#.......#
#####...####
##.oo........#
#.......#### ###o..).....#
..#####....# #.........##
### ####.#.### #.........#
#####........##
#.........#
....#.....##..#
#.÷.#######


You could see a hippogriff (summoned), an orc warrior (summoned), 3 orc priests
and 2 orcs.

Vanquished Creatures
  Prince Ribbit (D:6)
  A hippogriff (D:7)
  Menkaure (D:6)
  Edmund (D:5)
  A water moccasin (D:7)
  2 orc warriors
  An ogre (D:7)
  2 phantoms
  4 centaurs
  Blork the orc (D:4)
  2 bullfrogs
  3 scorpions
  2 howler monkeys
  An orc priest (D:6)
  Crazy Yiuf (D:3)
  A gnoll shaman (D:5)
  A hound (D:5)
  A bullfrog skeleton (D:5)
  Terence (D:3)
  An iguana (D:7)
  3 orc wizards
  A worker ant (D:4)
  A hound skeleton (D:7)
  A worker ant zombie (D:6)
  9 adders
  19 gnolls
  A shadow imp (D:5)
  2 oozes
  6 worms
  A dart slug (D:1)
  4 leopard geckos
  18 orcs
  3 ball pythons
  7 bats
  3 giant cockroaches
  7 goblins
  10 hobgoblins
  11 jackals
  8 kobolds
  3 quokkas
  3 frilled lizards
  A jackal skeleton (D:3)
  6 rats
157 creatures vanquished.

Notes
Turn   | Place    | Note
-------+----------+-------------------------------------------
     0 | D:1      | Clowwww the Demonspawn Fighter began the quest for the Orb.
     0 | D:1      | Reached XP level 1. HP: 18/18 MP: 1/1
    36 | D:1      | Gained mutation: You have large cloven feet. [demonic
                  | ancestry]
    36 | D:1      | Reached XP level 2. HP: 23/24 MP: 2/2
    73 | D:1      | Reached skill level 2 in Axes
   176 | D:1      | You fall into a shaft and drop 1 floor!
   177 | D:2      | Found a glowing golden altar of the Shining One.
   366 | D:1      | Gained mutation: You are partially covered in slimy green
                  | scales. (AC +2) [demonic ancestry]
   366 | D:1      | Reached XP level 3. HP: 29/29 MP: 3/3
   788 | D:2      | Found a radiant altar of Vehumet.
   789 | D:2      | Found a shimmering blue altar of Sif Muna.
   935 | D:2      | Reached skill level 3 in Axes
   936 | D:2      | Reached XP level 4. HP: 20/35 MP: 4/4
  1371 | D:2      | Found a faded altar of an unknown god.
  1470 | D:2      | Gained mutation: You are immune to rotting. [demonic
                  | ancestry]
  1470 | D:2      | Reached XP level 5. HP: 11/41 MP: 5/5
  2240 | D:3      | Reached skill level 4 in Axes
  2343 | D:3      | Noticed Terence
  2353 | D:3      | Killed Terence
  2598 | D:3      | Found a blossoming altar of Fedhas.
  2781 | D:3      | Found a runed translucent door.
  2782 | D:3      | Noticed Crazy Yiuf
  2932 | D:3      | Paralysed by Crazy Yiuf for 4 turns
  2948 | D:3      | Killed Crazy Yiuf
  3169 | D:4      | Noticed Blork the orc
  3170 | D:4      | Found Kyesif's Food Shop.
  3185 | D:4      | Killed Blork the orc
  3185 | D:4      | Reached XP level 6. HP: 23/47 MP: 6/6
  3402 | D:4      | Reached skill level 5 in Axes
  3730 | D:4      | Gained mutation: You are mostly covered in slimy green
                  | scales. (AC +3) [demonic ancestry]
  3730 | D:4      | Reached XP level 7. HP: 40/52 MP: 7/7
  3948 | D:4      | Reached skill level 6 in Axes
  3948 | D:4      | Reached skill level 1 in Dodging
  4301 | D:5      | Entered Level 5 of the Dungeon
  4617 | D:5      | Found a staircase to the Ecumenical Temple.
  4655 | Temple   | Entered the Ecumenical Temple
  4741 | Temple   | Became a worshipper of Warmaster Okawaru
  4853 | D:5      | Found a sparkling altar of Nemelex Xobeh.
  5107 | D:5      | Noticed Edmund
  5127 | D:5      | Killed Edmund
  5127 | D:5      | Reached XP level 8. HP: 15/60 MP: 8/8
  5403 | D:6      | Noticed Prince Ribbit
  5438 | D:6      | Killed Prince Ribbit
  5438 | D:6      | Reached skill level 7 in Axes
  5438 | D:6      | Reached skill level 1 in Throwing
  5584 | D:6      | Reached skill level 1 in Stealth
  5700 | D:6      | Noticed Menkaure
  5711 | D:6      | Killed Menkaure
  5880 | D:6      | Reached * piety under Okawaru
  6761 | D:7      | Noticed a hippogriff
  6770 | D:7      | Killed a hippogriff
  6770 | D:7      | Reached skill level 8 in Axes
  6770 | D:7      | Gained mutation: You have hoof-like feet. [demonic
                  | ancestry]
  6770 | D:7      | Reached XP level 9. HP: 46/66 MP: 9/9
  7132 | D:7      | Reached ** piety under Okawaru
  7303 | D:7      | Reached skill level 5 in Shields
  7515 | D:7      | Reached skill level 9 in Axes
  7517 | D:7      | Killed from afar by an orc priest

Illustrated notes

Levels and vault maps discovered:
D:1:      lightli_arrival_statue_moat, layout_rooms, kennysheep_pointless_box,
          minmay_misc_feat_cross, serial_bayou_lake_a
D:2:      minmay_angry_zag, layout_basic,
          chequers_temple_overflow_statue_of_worship,
          chequers_ecumenical_altar_grove
D:3:      layout_loops_ring, fedhas_ov_isle_minmay, first_ration,
          uniq_crazy_yiuf_cottage, uniq_terence
D:4:      layout_loops_ring, serial_shops, nicolae_shop_window_shopping,
          minmay_misc_feat_secret_circle, uniq_blork_the_orc
D:5:      layout_basic, temple_doors_e, nemelex_diamond_rough_becter,
          uniq_edmund
D:6:      layout_loops_ring, uniq_prince_ribbit1, uniq_menkaure
D:7:      layout_rooms, marbit_many_paths
Temple:   eino_temple_scatter_basement

Skill      XL: |  1  2  3  4  5  6  7  8  9 |
---------------+----------------------------+-----
Axes           | 2 3 4 5 6 8 9 |  9.0
Armour         | 3 4 |  4.7
Shields        | 3 4 5 |  5.0
Dodging        | 1 |  1.9
Fighting       | 4 |  4.9
Throwing       | 1 |  1.8
Stealth        | 1 |  1.5

Action                   |  1- 3 |  4- 6 |  7- 9 || total
-------------------------+-------+-------+-------++-------
Melee: War axe           |    81 |   188 |   230 ||   499
       Kick              |    12 |    43 |    67 ||   122
Throw: Boomerang         |       |    17 |    21 ||    38
  Use: Scroll            |       |     7 |     8 ||    15
       Potion            |       |     3 |     4 ||     7
 Stab: Invisible         |       |       |     2 ||     2
  Eat: Chunk             |       |    10 |    11 ||    21
Armor: Scale mail        |    56 |    83 |   106 ||   245
Dodge: Dodged            |    15 |    45 |    58 ||   118
Block: Kite shield       |    48 |    88 |   117 ||   253
